 Dungeon Crawl Stone Soup version 0.31-a0-18-gea43df2a32 (webtiles) character file.

Game seed: 8009928069340383115

147 subawu the Chiller (level 5, 0/40 HPs)
             Began as a Draconian Ice Elementalist on May 9, 2023.
             Slain by an ogre
             ... wielding a +0 giant spiked club
              (16 damage)
             ... on level 4 of the Dungeon.
             The game lasted 00:19:36 (3640 turns).

subawu the Chiller (Draconian Ice Elementalist)     Turns: 3640, Time: 00:19:36

Health: 0/40       AC: 10    Str: 12    XL:     5   Next: 7%
Magic:  7/9        EV: 12    Int: 16    God:
Gold:   107        SH:  0    Dex: 11    Spells: 8/9 levels left

rFire   . . .        d - +1 falchion
rCold   . . .        (no shield)
rNeg    . . .        (body armour unavailable)
rPois   .            j - +2 hat
rElec   .            f - +0 cloak
rCorr   .            (no gloves)
SInv    .            h - +1 pair of boots
Will    .....        (no amulet)
Stlth   ++           (no ring)
HPRegen 0.26/turn    (no ring)
MPRegen 0.11/turn

%: no passive effects
@: unable to read
A: AC +5, unfitting armour, cold-blooded, inability to read after injury 1
a: no special abilities


You were on level 4 of the Dungeon.
You visited 1 branch of the dungeon, and saw 4 of its levels.

You collected 107 gold pieces.

Inventory:

Hand Weapons
 b - a +0 long sword
 d - a +1 falchion (weapon)
Missiles
 k - 27 stones
Armour
 f - a +0 cloak (worn)
 h - a +1 pair of boots (worn)
 j - a +2 hat (worn)
Scrolls
 c - a scroll of blinking
 g - a scroll of immolation
 m - a scroll of identify
Potions
 a - a potion of magic
 e - a potion of might
 i - a potion of lignification {unknown}


   Skills:
 + Level 1.0 Fighting
 + Level 1.6 Long Blades
 + Level 2.4 Dodging
 + Level 2.2 Stealth
 + Level 0.1 Unarmed Combat
 + Level 2.8 Spellcasting
 + Level 4.9 Ice Magic


You had 8 spell levels left.
You knew the following spells:

 Your Spells              Type           Power      Damage    Failure   Level
a - Freeze                Ice            68%        1d8       2%          1

Your spell library contained the following spells:

 Spells                   Type           Power      Damage    Failure   Level
 Frozen Ramparts          Ice            34%        1d6       8%          3
 Ozocubu's Armour         Ice            17%        N/A       8%          3
 Sandblast                Erth           4%         2d4       19%         1
 Passwall                 Tmut/Erth      1%         N/A       28%         2
 Stone Arrow              Conj/Erth      4%         3d7       50%         3
 Summon Ice Beast         Ice/Summ       10%        N/A       56%         4


Dungeon Overview and Level Annotations

Branches:
Dungeon (4/15)
 Temple: D:4-7

Altars:
The Shining One


Innate Abilities, Weirdness & Mutations

Your plain brown scales are hard. (AC +5)
You cannot fit into any form of body armour.
You are cold-blooded and may be slowed by cold attacks.
You occasionally lose the ability to read scrolls when taking damage.


Message History

You kill the kobold!
The ball python hisses angrily.
The ogre shouts!
You see here a potion of mutation.
The ball python bites you. The ball python grabs you.
The ball python constricts you.
You escape the ball python's grasp.
Found a spear.
You see here a fizzy yellow potion.
Casting: Freeze (safe; 2% risk of failure)
Confirm with . or Enter, or press ? or * to list all spells.
Aiming: Freeze (safe; 2% risk of failure)
Press: ? - help, Shift-Dir - straight line, f - ball python
Aim: a ball python You freeze the ball python.
You kill the ball python!
Casting: Freeze (safe; 2% risk of failure)
Confirm with . or Enter, or press ? or * to list all spells.
Aiming: Freeze (safe; 2% risk of failure)
Press: ? - help, Shift-Dir - straight line, f - ogre
Aim: an ogre, wielding a +0 giant spiked club You freeze the ogre.
The ogre is lightly wounded.
The ogre misses you.
You hit the ogre.
The ogre is lightly wounded.
You hit the ogre.
The ogre is moderately wounded.
The ogre barely misses you.
You slash the ogre!
The ogre is severely wounded.
The ogre hits you with a +0 giant spiked club!
You barely miss the ogre. You tail-slap the ogre.
The ogre is severely wounded.
The ogre hits you with a +0 giant spiked club!
You hit the ogre.
The ogre is almost dead.
The ogre hits you with a +0 giant spiked club!
You feel threatened and lose the ability to read scrolls!
You die...

.. ..).... ..
....... ..
#.........#
.###.......#.#
.............
..........
#........
#@##...#
####O##)..#
#.........#
#.......###
#.....!.#
#.<.....#
#.......#
#.......#
#.....<.#


You could see an ogre.

Vanquished Creatures
  A hound (D:3)
  An orc priest (D:3)
  2 adders
  A gnoll (D:1)
  6 orcs (D:3)
  8 ball pythons
  5 endoplasms
  3 giant cockroaches
  6 goblins
  3 hobgoblins
  3 kobolds
  4 quokkas
  2 bats
  2 frilled lizards
  3 rats
50 creatures vanquished.

Vanquished Creatures (others)
  A bat (D:2)
1 creature vanquished.

Grand Total: 51 creatures vanquished

Notes
Turn   | Place    | Note
-------+----------+-------------------------------------------
     0 | D:1      | subawu the Draconian Ice Elementalist began the quest for
                  | the Orb.
     0 | D:1      | Reached XP level 1. HP: 14/14 MP: 3/3
   567 | D:1      | Reached XP level 2. HP: 17/20 MP: 1/5
   773 | D:1      | Found a faded altar of an unknown god.
  1358 | D:2      | Reached XP level 3. HP: 26/26 MP: 2/6
  1484 | D:2      | Gained mutation: You occasionally lose the ability to read
                  | scrolls when taking damage. [potion of mutation]
  1484 | D:2      | Gained mutation: You are dopey. (Int -2) [potion of
                  | mutation]
  1484 | D:2      | Lost mutation: You are dopey. (Int -2) [potion of mutation]
  1674 | D:2      | Identified the +7 ring mail of Cuyxiw {-Tele rN+ Dex+8}
  1785 | D:2      | Found a glowing golden altar of the Shining One.
  2331 | D:3      | Reached XP level 4. HP: 23/33 MP: 4/7
  2774 | D:3      | Reached skill level 1 in Long Blades
  3006 | D:3      | Reached skill level 1 in Fighting
  3006 | D:3      | Reached XP level 5. HP: 36/40 MP: 9/9
  3623 | D:4      | Noticed an ogre
  3640 | D:4      | Slain by an ogre

Illustrated notes

Levels and vault maps discovered:
D:1:      minmay_arrival_cross, layout_basic,
          hellmonk_ecumenical_altar_inner_sanctum, hangedman_decor_opposing,
          serial_bayou_pond_d
D:2:      layout_rooms, basic_altar, serial_rivers,
          chequers_serial_rivers_large_a, chequers_serial_rivers_micro_a,
          chequers_serial_rivers_room_a, chequers_serial_rivers_large_b,
          chequers_serial_rivers_small_b
D:3:      layout_loops_ring, grunt_ministairs_15
D:4:      layout_loops_cross, gammafunk_ghost_necromancy

Skill      XL: |  1  2  3  4 |
---------------+-------------+-----
Dodging        | 2 |  2.4
Stealth        | 2 |  2.2
Long Blades    | 1 |  1.6
Fighting       | 1 |  1.0
Unarmed Combat | |  0.1
Spellcasting   | |  2.8
Ice Magic      | |  4.9

Action                     |  1- 3 |  4- 6 || total
---------------------------+-------+-------++-------
  Melee: Unarmed           |    10 |       ||    10
         Falchion          |    38 |    54 ||    92
         Tailslap          |     6 |     4 ||    10
   Cast: Freeze            |    34 |     8 ||    42
    Use: Scroll            |     4 |     3 ||     7
         Potion            |     2 |       ||     2
   Stab: Sleeping          |       |     3 ||     3
 Armour: Skin              |    38 |    32 ||    70
  Dodge: Dodged            |    68 |    44 ||   112

Table legend: (Time is in decaauts)
 A = Elapsed time spent in this place.
 B = Non-inter-level travel time spent in this place.
 C = Inter-level travel time spent in this place.
 D = Time resting spent in this place.
 E = Time spent auto-exploring this place.
 F = Levels seen in this place.
 G = Mean time per level.
                   A        B        C        D        E       F      G
               +--------+--------+--------+--------+--------+-----+--------+
         Total |   3710 |   3215 |    495 |    122 |      0 |   4 |  927.5 |
       Dungeon |   3710 |   3215 |    495 |    122 |      0 |   4 |  927.5 |
               +--------+--------+--------+--------+--------+-----+--------+

Top non-repeatable levels by time:
     D:1: 1350 daAuts
     D:3: 1330 daAuts
     D:2: 996 daAuts
     D:4: 32 daAuts
